SAA
MARQUETTE MINERS @ SAN BERNARDINO GRASSHOPPERS
08/31/2022
 
TOP OF THE 1ST
Marquette Miners batting - Pitching for San Bernardino Grasshoppers : LHP Glen Holland
Pitching: LHP Glen Holland
Batting: LHB José Ortega 0-0: Ball
1-0: Called Strike
1-1: Ball
2-1: SINGLE (Groundball, 4MD)
Batting: RHB Gerald Clark 0-0: Ball
1-0: Called Strike
1-1: Called Strike
José Ortega is caught stealing 2nd base
1-2: SINGLE (Line Drive, 6MD)
Batting: RHB Tim Burnett 0-0: Ball
1-0: Ball
2-0: Foul Ball, location: 2F
2-1: Fly out, F8 (Line Drive, 78M)
Batting: RHB Francis Kelly 0-0: Ball
1-0: Ball
2-0: Ball
3-0: Base on Balls
Gerald Clark to second
Batting: RHB Pedro Pérez 0-0: Ball
1-0: Ball
2-0: Ball
3-0: Base on Balls
Gerald Clark to third
Francis Kelly to second
Batting: RHB Adrian Hale 0-0: Ball
1-0: GRAND SLAM HOME RUN (Flyball, 78XD), Distance : 423 ft
Batting: RHB Jack Burton 0-0: Ball
1-0: Ball
2-0: Fly out, F6 (Line Drive, 56)
Top of the 1st over - 4 run(s), 3 hit(s), 0 error(s), 0 left on base; Marquette 4 - San Bernardino 0
BOTTOM OF THE 1ST
San Bernardino Grasshoppers batting - Pitching for Marquette Miners : RHP Miguel Ruíz
Pitching: RHP Miguel Ruíz
Batting: RHB Randy Tucker 0-0: Fly out, F8 (Flyball, 89M)
Batting: RHB José Paz 0-0: Ball
1-0: Foul Ball, location: 2F
1-1: Fly out, F7 (Flyball, 7M)
Batting: LHB Mike Cook 0-0: Ball
1-0: Ball
2-0: Ground out U3 (Groundball, 3)
Bottom of the 1st over - 0 run(s), 0 hit(s), 0 error(s), 0 left on base; Marquette 4 - San Bernardino 0
TOP OF THE 2ND
Marquette Miners batting - Pitching for San Bernardino Grasshoppers : LHP Glen Holland
Batting: RHB Félix De La Hoya 0-0: Ball
1-0: SINGLE (Groundball, 5L)
Batting: RHB Alfredo Martínez 0-0: Ball
1-0: Fly out, F7 (Flyball, 78XD)
Batting: LHB José Ortega 0-0: Called Strike
0-1: Ball
1-1: Foul Ball, location: 2F
1-2: Fielders Choice at 2nd, 3-6 (Groundball, 3)
Batting: RHB Gerald Clark 0-0: Ball
José Ortega steals 2nd base
1-0: Ball
2-0: Ground out 1-3 (Groundball, 23)
Top of the 2nd over - 0 run(s), 1 hit(s), 0 error(s), 1 left on base; Marquette 4 - San Bernardino 0
BOTTOM OF THE 2ND
San Bernardino Grasshoppers batting - Pitching for Marquette Miners : RHP Miguel Ruíz
Batting: RHB Alonso Rivera 0-0: Ball
1-0: Ball
2-0: Ball
3-0: Base on Balls
Batting: RHB Alfonso Enríquez 0-0: Called Strike
0-1: Called Strike
0-2: Ball
1-2: Fly out, F7 (Line Drive, 78S)
Batting: RHB Henry Cameron 0-0: Called Strike
Alonso Rivera is caught stealing 2nd base
0-1: Ball
1-1: Ball
2-1: Fly out, F9 (Flyball, 9D)
Bottom of the 2nd over - 0 run(s), 0 hit(s), 0 error(s), 0 left on base; Marquette 4 - San Bernardino 0
TOP OF THE 3RD
Marquette Miners batting - Pitching for San Bernardino Grasshoppers : LHP Glen Holland
Batting: RHB Tim Burnett 0-0: Ball
1-0: Foul Ball, location: 2F
1-1: Ball
2-1: Called Strike
2-2: Foul Ball, location: 2F
2-2: Ball
3-2: Ground out 6-3 (Groundball, 6M)
Batting: RHB Francis Kelly 0-0: Ball
1-0: Ball
2-0: Foul Ball, location: 2F
2-1: Foul Ball, location: 2F
2-2: Ball
3-2: Foul Ball, location: 2F
3-2: Ground out 6-3 (Groundball, 6)
Batting: RHB Pedro Pérez 0-0: Ball
1-0: Called Strike
1-1: Ball
2-1: Fly out, F9 (Flyball, 9S)
Top of the 3rd over - 0 run(s), 0 hit(s), 0 error(s), 0 left on base; Marquette 4 - San Bernardino 0
BOTTOM OF THE 3RD
San Bernardino Grasshoppers batting - Pitching for Marquette Miners : RHP Miguel Ruíz
Batting: RHB Pedro Luna 0-0: Foul Ball, location: 2F
0-1: Ball
1-1: DOUBLE (Line Drive, 7LM)
Batting: RHB Iván Miranda 0-0: Ball
1-0: Ball
2-0: Ball
3-0: Base on Balls
Batting: RHB Jaime López 0-0: Called Strike
0-1: Foul Ball, location: 2F
0-2: Foul Ball, location: 2F
0-2: Ball
1-2: Ball
2-2: Ball
3-2: Foul Ball, location: 2F
3-2: Base on Balls
Pedro Luna to third
Iván Miranda to second
Batting: RHB Randy Tucker 0-0: Called Strike
0-1: Ball
1-1: DOUBLE (Groundball, 5L)
Pedro Luna scores
Iván Miranda scores
Jaime López to third
Batting: RHB José Paz 0-0: Swinging Strike
0-1: Ball
1-1: Ball
2-1: Swinging Strike
2-2: Foul Ball, location: 2F
2-2: Ground out 6-3 (Groundball, 6M)
Jaime López scores
Randy Tucker to third
Batting: LHB Mike Cook 0-0: SINGLE (Line Drive, 56)
Randy Tucker scores
Batting: RHB Alonso Rivera 0-0: Ball
1-0: Swinging Strike
1-1: Ball
2-1: Foul Ball, location: 2F
2-2: Strikes out swinging
Batting: RHB Alfonso Enríquez 0-0: Ball
1-0: Foul Ball, location: 2F
1-1: Ground out 6-3 (Groundball, 6)
Bottom of the 3rd over - 4 run(s), 3 hit(s), 0 error(s), 1 left on base; Marquette 4 - San Bernardino 4
TOP OF THE 4TH
Marquette Miners batting - Pitching for San Bernardino Grasshoppers : LHP Glen Holland
Batting: RHB Adrian Hale 0-0: Ball
1-0: Ball
2-0: Foul Ball, location: 2F
2-1: Foul Ball, location: 2F
2-2: Fly out, F8 (Popup, 8LS)
Batting: RHB Jack Burton 0-0: Ball
1-0: Ball
2-0: Ball
3-0: Base on Balls
Batting: RHB Félix De La Hoya 0-0: Ball
1-0: Called Strike
1-1: Called Strike
1-2: SINGLE (Line Drive, 89S)
Jack Burton to second
Runner from 2nd tries for 3rd, SAFE, throw made to third
Batting: RHB Alfredo Martínez 0-0: Ball
1-0: Fly out, F8 (Flyball, 8RD)
Runner from 3rd tags up, SCORES, no throw
Batting: LHB José Ortega 0-0: Foul Ball, location: 2F
0-1: Swinging Strike
0-2: Ball
1-2: Foul Ball, location: 2F
1-2: Ball
2-2: SINGLE (Flyball, 8LM)
Félix De La Hoya to second
Batting: RHB Gerald Clark 0-0: Ball
1-0: Foul Ball, location: 2F
1-1: DOUBLE (Groundball, 5D)
Félix De La Hoya scores
José Ortega to third
Pitching: RHP Fabiano Cavallini
Batting: RHB Tim Burnett 0-0: Foul Ball, location: 2F
0-1: Called Strike
0-2: Ball
1-2: Ball
2-2: Strikes out swinging
Top of the 4th over - 2 run(s), 3 hit(s), 0 error(s), 2 left on base; Marquette 6 - San Bernardino 4
BOTTOM OF THE 4TH
San Bernardino Grasshoppers batting - Pitching for Marquette Miners : RHP Miguel Ruíz
Batting: RHB Henry Cameron 0-0: Ball
1-0: Ball
2-0: Called Strike
2-1: Foul Ball, location: 2F
2-2: Strikes out swinging
Batting: RHB Pedro Luna 0-0: Ball
1-0: Called Strike
1-1: Foul Ball, location: 2F
1-2: Foul Ball, location: 2F
1-2: Ball
2-2: Strikes out looking
Batting: RHB Iván Miranda 0-0: Ball
1-0: Ball
2-0: Called Strike
2-1: Foul Ball, location: 2F
2-2: Foul Ball, location: 2F
2-2: Ball
3-2: Ground out 4-3 (Groundball, 4)
Bottom of the 4th over - 0 run(s), 0 hit(s), 0 error(s), 0 left on base; Marquette 6 - San Bernardino 4
TOP OF THE 5TH
Marquette Miners batting - Pitching for San Bernardino Grasshoppers : RHP Fabiano Cavallini
Batting: RHB Francis Kelly 0-0: Foul Ball, location: 2F
0-1: Ball
1-1: Fly out, F8 (Flyball, 8LM)
Batting: RHB Pedro Pérez 0-0: Fly out, F7 (Flyball, 78M)
Batting: RHB Adrian Hale 0-0: Ball
1-0: Swinging Strike
1-1: Bunt missed!
1-2: Ground out 6-3 (Groundball, 6D)
Top of the 5th over - 0 run(s), 0 hit(s), 0 error(s), 0 left on base; Marquette 6 - San Bernardino 4
BOTTOM OF THE 5TH
San Bernardino Grasshoppers batting - Pitching for Marquette Miners : RHP Miguel Ruíz
Batting: RHB Jaime López 0-0: Ball
1-0: Called Strike
1-1: Ball
2-1: Ball
3-1: Foul Ball, location: 2F
3-2: Foul Ball, location: 2F
3-2: Strikes out swinging
Batting: RHB Randy Tucker 0-0: Foul Ball, location: 2F
0-1: Fly out, F3 (Popup, 3F)
Batting: RHB José Paz 0-0: Ball
1-0: Ball
2-0: SOLO HOME RUN (Flyball, 78XD), Distance : 430 ft
Batting: LHB Mike Cook 0-0: Swinging Strike
0-1: Ball
1-1: Foul Ball, location: 2F
1-2: Fly out, F8 (Popup, 8RS)
Bottom of the 5th over - 1 run(s), 1 hit(s), 0 error(s), 0 left on base; Marquette 6 - San Bernardino 5
TOP OF THE 6TH
Marquette Miners batting - Pitching for San Bernardino Grasshoppers : RHP Fabiano Cavallini
Batting: RHB Jack Burton 0-0: Called Strike
0-1: Foul Ball, location: 2F
0-2: Strikes out swinging
Batting: RHB Félix De La Hoya 0-0: Called Strike
0-1: Fly out, F8 (Flyball, 8LM)
Batting: RHB Alfredo Martínez 0-0: Ball
1-0: SINGLE (Line Drive, 4)
Batting: LHB José Ortega 0-0: Ball
1-0: Ball
2-0: Foul Ball, location: 2F
2-1: Foul Ball, location: 2F
2-2: Fly out, F7 (Flyball, 7M)
Top of the 6th over - 0 run(s), 1 hit(s), 0 error(s), 1 left on base; Marquette 6 - San Bernardino 5
BOTTOM OF THE 6TH
San Bernardino Grasshoppers batting - Pitching for Marquette Miners : RHP Miguel Ruíz
Batting: RHB Alonso Rivera 0-0: Called Strike
0-1: SINGLE (Line Drive, 56)
Batting: RHB Alfonso Enríquez 0-0: Ball
Alonso Rivera steals 2nd base
1-0: SINGLE (Flyball, 8RS) - OUT at second base trying to stretch hit.
Alonso Rivera scores
Batting: RHB Henry Cameron 0-0: Ball
1-0: SINGLE (Groundball, 4M)
Batting: RHB Pedro Luna 0-0: Called Strike
0-1: Ball
1-1: Ball
2-1: Ball
3-1: Called Strike
3-2: Base on Balls
Henry Cameron to second
Batting: RHB Iván Miranda 0-0: Ball
1-0: Ball
2-0: Foul Ball, location: 2F
2-1: Ball
3-1: Called Strike
3-2: SINGLE (Line Drive, 9S)
Henry Cameron to third
Pedro Luna to second
Batting: RHB Jaime López 0-0: Called Strike
0-1: Ball
1-1: Called Strike
1-2: Strikes out swinging
Batting: RHB Randy Tucker 0-0: Ball
1-0: Ball
2-0: Fly out, F8 (Flyball, 78M)
Bottom of the 6th over - 1 run(s), 4 hit(s), 0 error(s), 3 left on base; Marquette 6 - San Bernardino 6
TOP OF THE 7TH
Marquette Miners batting - Pitching for San Bernardino Grasshoppers : RHP Fabiano Cavallini
Batting: RHB Gerald Clark 0-0: Ball
1-0: Ball
2-0: Ball
3-0: Called Strike
3-1: Base on Balls
Pinch Hitting: LHB Jorge Flores 0-0: Swinging Strike
0-1: Ball
1-1: Ball
2-1: Ball
3-1: Called Strike
3-2: Strikes out swinging
Pinch Hitting: RHB Jim Unknown 0-0: Foul Ball, location: 2F
0-1: Grounds into double play, 4-6-3 (Groundball, 4)
Top of the 7th over - 0 run(s), 0 hit(s), 0 error(s), 0 left on base; Marquette 6 - San Bernardino 6
BOTTOM OF THE 7TH
San Bernardino Grasshoppers batting - Pitching for Marquette Miners : RHP Miguel Ruíz
Now at 2B: Alan Hardy
Now at 3B: Jim Unknown
Pinch Hitting: LHB Jim Unknown 0-0: Ball
1-0: Called Strike
1-1: Foul Ball, location: 2F
1-2: Ball
2-2: Foul Ball, location: 2F
2-2: Ball
3-2: Strikes out swinging
Batting: LHB Mike Cook 0-0: SINGLE (Flyball, 78S)
Pitching: LHP Michael Fields
Batting: RHB Alonso Rivera 0-0: Called Strike
0-1: Ball
1-1: Ball
2-1: SINGLE (Groundball, 56D)
Mike Cook to second
Batting: RHB Alfonso Enríquez 0-0: Called Strike
0-1: SINGLE (Popup, 78S)
Mike Cook to third
Alonso Rivera to second
Batting: RHB Henry Cameron 0-0: Ball
1-0: Called Strike
1-1: Foul Ball, location: 2F
1-2: Foul Ball, location: 2F
1-2: Foul Ball, location: 2F
1-2: Ball
2-2: Foul Ball, location: 2F
2-2: Foul Ball, location: 2F
2-2: Foul Ball, location: 2F
2-2: Fly out, F9 (Flyball, 89M)
Runner from 3rd tags up, SCORES, throw made
Batting: RHB Pedro Luna 0-0: Called Strike
0-1: Ball
1-1: Ball
2-1: Ball
3-1: Fly out, F7 (Flyball, 78M)
Bottom of the 7th over - 1 run(s), 3 hit(s), 0 error(s), 2 left on base; Marquette 6 - San Bernardino 7
TOP OF THE 8TH
Marquette Miners batting - Pitching for San Bernardino Grasshoppers : RHP Fabiano Cavallini
Pitching: RHP Alonso Cruz
Now at 3B: Jim Unknown
Batting: RHB Pedro Pérez 0-0: Called Strike
0-1: Ball
1-1: Ball
2-1: Foul Ball, location: 2F
2-2: Strikes out looking
Batting: RHB Adrian Hale 0-0: Ball
1-0: Ball
2-0: Ball
3-0: Called Strike
3-1: Base on Balls
Pinch Hitting: LHB Jim Unknown 0-0: Ball
1-0: Fly out, F8 (Flyball, 8LD)
Batting: RHB Félix De La Hoya 0-0: Ball
1-0: SINGLE (Line Drive, 9S)
Adrian Hale to second
Batting: RHB Alfredo Martínez 0-0: Ball
1-0: Called Strike
1-1: Swinging Strike
1-2: Strikes out swinging
Top of the 8th over - 0 run(s), 1 hit(s), 0 error(s), 2 left on base; Marquette 6 - San Bernardino 7
BOTTOM OF THE 8TH
San Bernardino Grasshoppers batting - Pitching for Marquette Miners : LHP Michael Fields
Now at 1B: Jim Unknown
Batting: RHB Iván Miranda 0-0: Foul Ball, location: 2F
0-1: Foul Ball, location: 2F
0-2: Ball
1-2: Ball
2-2: Ball
3-2: Strikes out swinging
Batting: RHB Jaime López 0-0: Called Strike
0-1: Ball
1-1: Ball
2-1: Foul Ball, location: 2F
2-2: Strikes out swinging
Batting: RHB Randy Tucker 0-0: Foul Ball, location: 2F
0-1: Swinging Strike
0-2: Ball
1-2: Ball
2-2: Strikes out swinging
Bottom of the 8th over - 0 run(s), 0 hit(s), 0 error(s), 0 left on base; Marquette 6 - San Bernardino 7
TOP OF THE 9TH
Marquette Miners batting - Pitching for San Bernardino Grasshoppers : RHP Alonso Cruz
Pitching: RHP Robby McDonald
Batting: LHB José Ortega 0-0: Swinging Strike
0-1: Ball
1-1: Ball
2-1: Fly out, F8 (Flyball, 8LM)
Batting: RHB Gerald Clark 0-0: Ground out 5-3 (Groundball, 5S)
Batting: LHB Alan Hardy 0-0: Called Strike
0-1: Ball
1-1: Foul Ball, location: 2F
1-2: Foul Ball, location: 2F
1-2: Ball
2-2: Foul Ball, location: 2F
2-2: Ball
3-2: Base on Balls
Batting: RHB Jim Unknown 0-0: Ball
1-0: Called Strike
1-1: Ball
2-1: Foul Ball, location: 2F
2-2: Strikes out swinging
Top of the 9th over - 0 run(s), 0 hit(s), 0 error(s), 1 left on base; Marquette 6 - San Bernardino 7
This league is powered by Out of the Park Baseball, the baseball management simulation game for PC, Mac and Linux
Friday, April 15th, 2016 - OOTP Baseball 16.9 Build 39